HSSL
BISHOP GORMAN HS BALBASAURS @ MADAWASKA VALLEY HS WOLVES
04/16/2025
 
TOP OF THE 1ST
Bishop Gorman HS batting - Pitching for Madawaska Valley HS Wolves : RHP Clifton Davis
Pitching: RHP Clifton Davis
Batting: RHB Steve Murphy 0-0: Fly out, F8 (Flyball, 8RM)
Batting: RHB Sidney Gilbert 0-0: Swinging Strike
0-1: Ball
1-1: Swinging Strike
1-2: Strikes out swinging
Batting: RHB Gary Robinson 0-0: Ball
1-0: Called Strike
1-1: Ball
2-1: Ball
3-1: Swinging Strike
3-2: Strikes out looking
Top of the 1st over - 0 run(s), 0 hit(s), 0 error(s), 0 left on base; Bishop Gorman HS 0 - Madawaska Valley HS 0
BOTTOM OF THE 1ST
Madawaska Valley HS Wolves batting - Pitching for Bishop Gorman HS : RHP Tom Newton
Pitching: RHP Tom Newton
Batting: LHB Bob Campbell 0-0: SINGLE (Line Drive, 7S)
Batting: SHB Russ Beasley 0-0: Ball
1-0: Ball
2-0: Called Strike
2-1: Grounds into double play, 5-4-3 (Groundball, 56)
Batting: LHB John Clark 0-0: Ball
1-0: Ball
2-0: Ball
3-0: Called Strike
3-1: Swinging Strike
3-2: Foul Ball, location: 2F
3-2: Base on Balls
Batting: LHB Ronald Wallace 0-0: Ball
1-0: Foul Ball, location: 2F
1-1: Foul Ball, location: 2F
1-2: SINGLE (Line Drive, 34D)
John Clark to second
Batting: SHB Steve Miner 0-0: SINGLE (Flyball, 8LS)
John Clark to third
Ronald Wallace to second
Batting: LHB Wayne Rogers 0-0: Called Strike
0-1: Ground out 1-3 (Groundball, 15S)
Bottom of the 1st over - 0 run(s), 3 hit(s), 0 error(s), 3 left on base; Bishop Gorman HS 0 - Madawaska Valley HS 0
TOP OF THE 2ND
Bishop Gorman HS batting - Pitching for Madawaska Valley HS Wolves : RHP Clifton Davis
Batting: LHB Jean-Sébastien Beaudin 0-0: Called Strike
0-1: Foul Ball, location: 2F
0-2: Ball
1-2: Ball
2-2: Ball
3-2: Base on Balls
Batting: RHB Max Kimball 0-0: Called Strike
0-1: Ball
1-1: Swinging Strike
1-2: Ball
2-2: Ball
3-2: Foul Ball, location: 2F
3-2: Foul Ball, location: 2F
3-2: Foul Ball, location: 2F
3-2: Foul Ball, location: 2F
3-2: Strikes out swinging
Batting: RHB Ed Gómez 0-0: Swinging Strike
Pickoff Throw to First - Error! E1
Jean-Sébastien Beaudin to second
0-1: Ball
1-1: Ground out 6-3 (Groundball, 6)
Batting: LHB Zhen-bang Rao 0-0: Ball
1-0: Ball
2-0: Called Strike
2-1: Foul Ball, location: 2F
2-2: SINGLE (Flyball, 7LS)
Jean-Sébastien Beaudin to third
Runner from 3rd tries for Home, SAFE, no throw or cutoff
Batting: RHB Bryan Martínez 0-0: Called Strike
0-1: Ball
1-1: Ground out 4-3 (Groundball, 4)
Top of the 2nd over - 1 run(s), 1 hit(s), 1 error(s), 1 left on base; Bishop Gorman HS 1 - Madawaska Valley HS 0
BOTTOM OF THE 2ND
Madawaska Valley HS Wolves batting - Pitching for Bishop Gorman HS : RHP Tom Newton
Batting: LHB Marv Gardner 0-0: Ball
1-0: Foul Ball, location: 2F
1-1: Swinging Strike
1-2: Foul Ball, location: 2F
1-2: Strikes out swinging
Batting: RHB Enrique Navarro 0-0: Ball
1-0: Foul Ball, location: 2F
1-1: Fly out, F2 (Popup, 23F)
Batting: RHB Leo Snyder 0-0: Foul Ball, location: 2F
0-1: Foul Ball, location: 2F
0-2: Ground out 5-3 (Groundball, 56)
Bottom of the 2nd over - 0 run(s), 0 hit(s), 0 error(s), 0 left on base; Bishop Gorman HS 1 - Madawaska Valley HS 0
TOP OF THE 3RD
Bishop Gorman HS batting - Pitching for Madawaska Valley HS Wolves : RHP Clifton Davis
Batting: LHB Jack Jefferson 0-0: Ball
1-0: Foul Ball, location: 2F
1-1: Ball
2-1: Ball
3-1: Foul Ball, location: 2F
3-2: Strikes out swinging
Batting: RHB Steve Murphy 0-0: Ball
1-0: Foul Ball, location: 2F
1-1: Ball
2-1: Ball
3-1: Swinging Strike
3-2: SINGLE (Line Drive, 4D)
Batting: RHB Sidney Gilbert 0-0: Ball
1-0: SINGLE (Groundball, 5S)
Steve Murphy to second
Batting: RHB Gary Robinson 0-0: Ball
Steve Murphy steals 3rd base
Sidney Gilbert to second
1-0: Called Strike
1-1: Ground out 4-3 (Groundball, 4M)
Steve Murphy scores
Sidney Gilbert to third
Batting: LHB Jean-Sébastien Beaudin 0-0: SINGLE (Line Drive, 4D)
Sidney Gilbert scores
Batting: RHB Max Kimball 0-0: Fly out, F9 (Line Drive, 89M)
Top of the 3rd over - 2 run(s), 3 hit(s), 0 error(s), 1 left on base; Bishop Gorman HS 3 - Madawaska Valley HS 0
BOTTOM OF THE 3RD
Madawaska Valley HS Wolves batting - Pitching for Bishop Gorman HS : RHP Tom Newton
Batting: LHB Bob Campbell 0-0: Ball
1-0: Swinging Strike
1-1: Ground out 3-1 (Groundball, 34)
Batting: SHB Russ Beasley 0-0: Ball
1-0: Ball
2-0: Ball
3-0: Called Strike
3-1: Base on Balls
Batting: LHB John Clark 0-0: Called Strike
0-1: Ball
1-1: Ball
2-1: Foul Ball, location: 2F
2-2: Ball
Wild Pitch!
Russ Beasley to second
3-2: DOUBLE (Line Drive, 7LS)
Russ Beasley scores
Batting: LHB Ronald Wallace 0-0: Ball
1-0: Foul Ball, location: 2F
1-1: Foul Ball, location: 2F
1-2: Ball
Wild Pitch!
John Clark to third
2-2: Foul Ball, location: 2F
2-2: Ball
3-2: Foul Ball, location: 2F
3-2: Foul Ball, location: 2F
3-2: Strikes out looking
Batting: SHB Steve Miner 0-0: Ball
1-0: Called Strike
1-1: Called Strike
1-2: Strikes out looking
Bottom of the 3rd over - 1 run(s), 1 hit(s), 0 error(s), 1 left on base; Bishop Gorman HS 3 - Madawaska Valley HS 1
TOP OF THE 4TH
Bishop Gorman HS batting - Pitching for Madawaska Valley HS Wolves : RHP Clifton Davis
Batting: RHB Ed Gómez 0-0: Ball
1-0: Ball
2-0: Ball
3-0: Called Strike
3-1: Foul Ball, location: 2F
3-2: Base on Balls
Batting: LHB Zhen-bang Rao 0-0: Ball
1-0: Ball
2-0: Swinging Strike
2-1: Foul Ball, location: 2F
2-2: Ball
3-2: Foul Ball, location: 2F
3-2: Ground out 5-3 (Groundball, 56S)
Ed Gómez to second
Batting: RHB Bryan Martínez 0-0: Ball
1-0: Ball
2-0: Called Strike
2-1: Ball
3-1: Base on Balls
Batting: LHB Jack Jefferson 0-0: Called Strike
0-1: Swinging Strike
0-2: Ball
1-2: Foul Ball, location: 2F
1-2: Strikes out swinging
Pitching: RHP Fernando Castillo
Batting: RHB Steve Murphy 0-0: Ball
1-0: Called Strike
1-1: Ball
2-1: Ball
3-1: Foul Ball, location: 2F
3-2: Foul Ball, location: 2F
3-2: Foul Ball, location: 2F
3-2: Base on Balls
Ed Gómez to third
Bryan Martínez to second
Batting: RHB Sidney Gilbert 0-0: Ball
1-0: Ball
2-0: Ball
3-0: Base on Balls
Ed Gómez scores
Bryan Martínez to third
Steve Murphy to second
Batting: RHB Gary Robinson 0-0: Ball
1-0: Ball
2-0: Foul Ball, location: 2F
2-1: Ball
3-1: Swinging Strike
3-2: Base on Balls
Bryan Martínez scores
Steve Murphy to third
Sidney Gilbert to second
Batting: LHB Jean-Sébastien Beaudin 0-0: Ball
1-0: Ball
2-0: Foul Ball, location: 2F
2-1: Ball
3-1: Foul Ball, location: 2F
3-2: Foul Ball, location: 2F
3-2: Strikes out swinging
Top of the 4th over - 2 run(s), 0 hit(s), 0 error(s), 3 left on base; Bishop Gorman HS 5 - Madawaska Valley HS 1
BOTTOM OF THE 4TH
Madawaska Valley HS Wolves batting - Pitching for Bishop Gorman HS : RHP Tom Newton
Batting: LHB Wayne Rogers 0-0: Swinging Strike
0-1: Swinging Strike
0-2: Ball
1-2: Ball
2-2: Foul Ball, location: 2F
2-2: Ball
3-2: Base on Balls
Batting: LHB Marv Gardner 0-0: Called Strike
0-1: Fly out, F7 (Flyball, 7M)
Batting: RHB Enrique Navarro 0-0: Called Strike
0-1: Foul Ball, location: 2F
0-2: Strikes out looking
Batting: RHB Leo Snyder 0-0: Called Strike
0-1: SINGLE (Groundball, 56D)
Wayne Rogers to second
Batting: LHB Bob Campbell 0-0: Ball
1-0: Foul Ball, location: 2F
1-1: Ground out 1-3 (Groundball, 15)
Bottom of the 4th over - 0 run(s), 1 hit(s), 0 error(s), 2 left on base; Bishop Gorman HS 5 - Madawaska Valley HS 1
TOP OF THE 5TH
Bishop Gorman HS batting - Pitching for Madawaska Valley HS Wolves : RHP Fernando Castillo
Batting: RHB Max Kimball 0-0: Called Strike
0-1: Swinging Strike
0-2: Strikes out looking
Batting: RHB Ed Gómez 0-0: SINGLE (Groundball, 34D)
Batting: LHB Zhen-bang Rao 0-0: Called Strike
0-1: Called Strike
0-2: Strikes out swinging
Batting: RHB Bryan Martínez 0-0: Ball
1-0: Called Strike
1-1: Ball
2-1: Ball
3-1: Fly out, F8 (Flyball, 8RM)
Top of the 5th over - 0 run(s), 1 hit(s), 0 error(s), 1 left on base; Bishop Gorman HS 5 - Madawaska Valley HS 1
BOTTOM OF THE 5TH
Madawaska Valley HS Wolves batting - Pitching for Bishop Gorman HS : RHP Tom Newton
Batting: SHB Russ Beasley 0-0: Ball
1-0: Ball
2-0: Ball
3-0: Base on Balls
Batting: LHB John Clark 0-0: Ball
1-0: Ball
2-0: Fly out, F8 (Flyball, 89M)
Pitching: RHP Hugues Proulx
Batting: LHB Ronald Wallace 0-0: Ball
Russ Beasley is caught stealing 2nd base
1-0: Called Strike
1-1: Ball
2-1: Ball
3-1: Base on Balls
Batting: SHB Steve Miner 0-0: Ball
1-0: Ball
2-0: Foul Ball, location: 2F
2-1: Foul Ball, location: 2F
2-2: Ball
3-2: Fly out, F6 (Popup, 5D)
Bottom of the 5th over - 0 run(s), 0 hit(s), 0 error(s), 1 left on base; Bishop Gorman HS 5 - Madawaska Valley HS 1
TOP OF THE 6TH
Bishop Gorman HS batting - Pitching for Madawaska Valley HS Wolves : RHP Fernando Castillo
Batting: LHB Jack Jefferson 0-0: Called Strike
0-1: Swinging Strike
0-2: Strikes out looking
Batting: RHB Steve Murphy 0-0: Ball
1-0: SINGLE (Groundball, 13) (infield hit)
Batting: RHB Sidney Gilbert 0-0: Ball
1-0: Foul Ball, location: 2F
1-1: Ball
2-1: SINGLE (Line Drive, 34D)
Steve Murphy to second
Batting: RHB Gary Robinson 0-0: DOUBLE (Line Drive, 5D)
Steve Murphy scores
Sidney Gilbert to third
Runner from 3rd tries for Home, SAFE, no throw or cutoff
Batting: LHB Jean-Sébastien Beaudin 0-0: Swinging Strike
0-1: Foul Ball, location: 2F
0-2: Fly out, F8 (Flyball, 8RM)
Batting: RHB Max Kimball 0-0: Foul Ball, location: 2F
0-1: Ball
1-1: Ball
2-1: Ball
3-1: Base on Balls
Batting: RHB Ed Gómez 0-0: Fly out, F9 (Line Drive, 9M)
Top of the 6th over - 2 run(s), 3 hit(s), 0 error(s), 2 left on base; Bishop Gorman HS 7 - Madawaska Valley HS 1
BOTTOM OF THE 6TH
Madawaska Valley HS Wolves batting - Pitching for Bishop Gorman HS : RHP Hugues Proulx
Batting: LHB Wayne Rogers 0-0: Foul Ball, location: 2F
0-1: Foul Ball, location: 2F
0-2: Ball
1-2: Fly out, F8 (Flyball, 8LM)
Batting: LHB Marv Gardner 0-0: Ball
1-0: Called Strike
1-1: Ball
2-1: Ball
3-1: SOLO HOME RUN (Flyball, 9D), Distance : 407 ft
Batting: RHB Enrique Navarro 0-0: Foul Ball, location: 2F
0-1: SINGLE (Groundball, 6S)
Batting: RHB Leo Snyder 0-0: Ball
1-0: Fly out, F3 (Popup, 3DF)
Batting: LHB Bob Campbell 0-0: Called Strike
0-1: Swinging Strike
0-2: Ball
1-2: Foul Ball, location: 2F
1-2: Ground out 4-3 (Groundball, 4)
Bottom of the 6th over - 1 run(s), 2 hit(s), 0 error(s), 1 left on base; Bishop Gorman HS 7 - Madawaska Valley HS 2
TOP OF THE 7TH
Bishop Gorman HS batting - Pitching for Madawaska Valley HS Wolves : RHP Fernando Castillo
Pitching: LHP Juan Olivo
Batting: LHB Zhen-bang Rao 0-0: Called Strike
0-1: Ball
1-1: Reached on Error, E8 (Flyball, 78M)
Batting: RHB Bryan Martínez 0-0: Ball
1-0: Ball
2-0: Foul Ball, location: 2F
2-1: Foul Ball, location: 2F
2-2: Strikes out looking
Batting: LHB Jack Jefferson 0-0: Ball
1-0: Ball
2-0: Called Strike
2-1: Ball
3-1: Fly out, F9 (Flyball, 9M)
Batting: RHB Steve Murphy 0-0: Called Strike
0-1: Ball
Zhen-bang Rao is caught stealing 2nd base
Top of the 7th over - 0 run(s), 0 hit(s), 1 error(s), 0 left on base; Bishop Gorman HS 7 - Madawaska Valley HS 2
BOTTOM OF THE 7TH
Madawaska Valley HS Wolves batting - Pitching for Bishop Gorman HS : RHP Hugues Proulx
Batting: SHB Russ Beasley 0-0: Foul Ball, location: 2F
0-1: Ball
1-1: Ground out 4-3 (Groundball, 34)
Pitching: RHP Chris Cantrell
Batting: LHB John Clark 0-0: Ball
1-0: Ball
2-0: Called Strike
2-1: Foul Ball, location: 2F
2-2: Hit by Pitch
Batting: LHB Ronald Wallace 0-0: Swinging Strike
0-1: Ball
1-1: Fly out, F2 (Popup, 2LF)
Batting: SHB Steve Miner 0-0: Ball
1-0: Foul Ball, location: 2F
1-1: Ground out 4-3 (Groundball, 4)
Bottom of the 7th over - 0 run(s), 0 hit(s), 0 error(s), 1 left on base; Bishop Gorman HS 7 - Madawaska Valley HS 2
TOP OF THE 8TH
Bishop Gorman HS batting - Pitching for Madawaska Valley HS Wolves : LHP Juan Olivo
Batting: RHB Steve Murphy 0-0: Called Strike
0-1: Foul Ball, location: 2F
0-2: Fly out, F9 (Flyball, 9M)
Batting: RHB Sidney Gilbert 0-0: Called Strike
0-1: Ball
1-1: Ground out U3 (Groundball, 3)
Batting: RHB Gary Robinson 0-0: Ball
1-0: Ball
2-0: Ball
3-0: Called Strike
3-1: Foul Ball, location: 2F
3-2: SINGLE (Line Drive, 6MD)
Batting: LHB Jean-Sébastien Beaudin 0-0: Swinging Strike
0-1: Foul Ball, location: 2F
0-2: Strikes out swinging
Top of the 8th over - 0 run(s), 1 hit(s), 0 error(s), 1 left on base; Bishop Gorman HS 7 - Madawaska Valley HS 2
BOTTOM OF THE 8TH
Madawaska Valley HS Wolves batting - Pitching for Bishop Gorman HS : RHP Chris Cantrell
Now at SS: Kent Bannatyne
Now in CF: Darren Ramsey
Batting: LHB Wayne Rogers 0-0: Ground out 1-3 (Groundball, 15)
Batting: LHB Marv Gardner 0-0: Called Strike
0-1: Ball
1-1: SINGLE (Groundball, 34)
Batting: RHB Enrique Navarro 0-0: Ball
1-0: Foul Ball, location: 2F
1-1: Ball
2-1: Ball
3-1: Foul Ball, location: 2F
3-2: Grounds into double play, 4-6-3 (Groundball, 34)
Bottom of the 8th over - 0 run(s), 1 hit(s), 0 error(s), 0 left on base; Bishop Gorman HS 7 - Madawaska Valley HS 2
TOP OF THE 9TH
Bishop Gorman HS batting - Pitching for Madawaska Valley HS Wolves : LHP Juan Olivo
Pitching: RHP Jack Thorpe
Batting: RHB Max Kimball 0-0: Ball
1-0: Ball
2-0: Called Strike
2-1: Foul Ball, location: 2F
2-2: Strikes out swinging
Batting: RHB Ed Gómez 0-0: Swinging Strike
0-1: Ball
1-1: Ball
2-1: Called Strike
2-2: SINGLE (Line Drive, 4MD)
Batting: LHB Zhen-bang Rao 0-0: Called Strike
0-1: Ball
1-1: Foul Ball, location: 2F
1-2: Foul Ball, location: 2F
1-2: Ball
2-2: SINGLE (Groundball, 3S) (infield hit)
Ed Gómez to second
Batting: RHB Bryan Martínez 0-0: Called Strike
0-1: Foul Ball, location: 2F
0-2: Foul Ball, location: 2F
0-2: Foul Ball, location: 2F
0-2: Strikes out swinging
Batting: LHB Jack Jefferson 0-0: Ball
1-0: Called Strike
1-1: Foul Ball, location: 2F
1-2: Foul Ball, location: 2F
1-2: Strikes out swinging
Top of the 9th over - 0 run(s), 2 hit(s), 0 error(s), 2 left on base; Bishop Gorman HS 7 - Madawaska Valley HS 2
BOTTOM OF THE 9TH
Madawaska Valley HS Wolves batting - Pitching for Bishop Gorman HS : RHP Chris Cantrell
Batting: RHB Leo Snyder 0-0: Ground out 6-3 (Groundball, 6)
Batting: LHB Bob Campbell 0-0: Ball
1-0: Ball
2-0: Foul Ball, location: 2F
2-1: Fly out, F9 (Flyball, 9M)
Batting: SHB Russ Beasley 0-0: Swinging Strike
0-1: Fly out, F8 (Flyball, 8LM)
Bottom of the 9th over - 0 run(s), 0 hit(s), 0 error(s), 0 left on base; Bishop Gorman HS 7 - Madawaska Valley HS 2
This league is powered by Out of the Park Baseball, the baseball management simulation game for PC, Mac and Linux
Tuesday, August 2nd, 2016 - OOTP Baseball 16.8 Build 38